 Dungeon Crawl Stone Soup version 0.22.0-49-gab54619674 (webtiles) character file.

1116 Lerbatov the Cudgeler (level 8, -6/51 HPs)
             Began as a Gargoyle Berserker on Sept 7, 2018.
             Was a Priest of Trog.
             Mangled by an ogre
             ... wielding a +0 giant club
              (14 damage)
             ... on level 6 of the Dungeon.
             The game lasted 00:16:59 (5237 turns).

Lerbatov the Cudgeler (Gargoyle Berserker)          Turns: 5237, Time: 00:17:03

Health: -6/51      AC: 19    Str: 22    XL:     8   Next: 34%
Magic:  8/8        EV:  9    Int:  8    God:    Trog [***...]
Gold:   301        SH:  0    Dex: 10    Spells: 7/7 levels left

rFire    . . .     SeeInvis +   q - +0 flail
rCold    . . .     Gourm    .   (no shield)
rNeg     + . .     Faith    .   w - +0 chain mail
rPois    ∞         Spirit   .   m - +2 helmet {SInv}
rElec    +         Reflect  .   j - +0 cloak
rCorr    .         Harm     .   (no gloves)
MR       .....                  (no boots)
Stlth    ..........             (no amulet)
HPRegen  0.17/turn              (no ring)
MPRegen  0.11/turn              (no ring)

@: no status effects
A: negative energy resistance 1, electricity resistance, unbreathing,
petrification resistance, rot immunity, AC +5
a: Berserk, Trog's Hand, Renounce Religion


You were on level 6 of the Dungeon.
You worshipped Trog.
Trog was most pleased with you.
You were not hungry.

You visited 1 branch of the dungeon, and saw 6 of its levels.

You collected 301 gold pieces.

Inventory:

Hand Weapons
 a - a +0 mace
 h - a +0 vampiric short sword
 i - a +2 quarterstaff of chaos
 q - a +0 flail (weapon)
 y - the cursed +0 whip of Linearity {slash, Fragile Dex+2 SInv, unknown}
   (You found it on level 5 of the Dungeon)

   It inflicts extra damage upon your enemies.
   It affects your dexterity (+2).
   It lets you see invisible.
   It will be destroyed if unequipped.
   It has a curse placed upon it.
Missiles
 k - 60 arrows
 u - 5 javelins (quivered)
Armour
 j - a +0 cloak (worn)
 m - a +2 helmet of see invisible (worn)
 p - the cursed +0 ring mail of Ditais {rElec MR- MP+9 Stlth+}
   (You found it on level 5 of the Dungeon)

   It insulates you from electricity.
   It affects your resistance to hostile enchantments.
   It affects your magic capacity (+9).
   It makes you more stealthy.
   It has a curse placed upon it.
 w - a +0 chain mail (worn)
Wands
 l - a wand of polymorph (16)
 v - a wand of digging (12)
Scrolls
 b - 2 scrolls of noise {unknown}
 d - 7 scrolls of blinking
 e - 4 scrolls of remove curse {unknown}
 f - 2 scrolls of fear {unknown}
 g - 6 scrolls of identify
 o - 3 scrolls of teleportation {unknown}
 s - a scroll of enchant weapon {unknown}
Potions
 n - a potion of lignification {unknown}
 r - a potion of haste {unknown}
 t - a potion of might {unknown}
 x - a potion of agility {unknown}
Comestibles
 c - 6 rations


   Skills:
 + Level 6.2 Fighting
 + Level 7.3 Maces & Flails
 + Level 4.3 Armour
 + Level 3.0 Dodging
 + Level 1.1 Stealth


You had 7 spell levels left.
You didn't know any spells.
Your spell library was empty.

Dungeon Overview and Level Annotations

Branches:
Dungeon (6/15)
 Temple: D:4-7

Altars:
Ashenzari
Fedhas
Ru
Trog
Yredelemnul


Innate Abilities, Weirdness & Mutations

You are resistant to torment.
Your stone body is resilient. (AC +5)
You are immune to poison.
You resist negative energy. (rN+)
You are resistant to electric shocks. (rElec)
You can survive without breathing.
You are immune to petrification.
You are immune to rotting.


Message History

The orc warrior is moderately wounded.
The ogre barely misses you. The orc hits you but does no damage.
The orc warrior misses you. The orc hits you but does no damage.
You sock the orc warrior!
The orc warrior is severely wounded.
The ogre barely misses you. The orc hits you but does no damage.
The orc warrior hits you with a dire flail!
The orc hits you but does no damage.
You closely miss the orc warrior.
The orc warrior is severely wounded.
The orc hits you with a war axe. The ogre hits you with a giant club.
* * * LOW HITPOINT WARNING * * *
The orc hits you but does no damage. x2; The orc warrior closely misses you.
You hit the orc warrior but do no damage.
The orc warrior is severely wounded.
The orc hits you but does no damage. x2; The orc barely misses you.
The orc warrior hits you with a dire flail!
* * * LOW HITPOINT WARNING * * *
The ogre hits you with a giant club!
You die...

## . #. .####
.#.# ###.##...##
.#.##
....#.....####
.... .......(....
... #.......##..
..# #..Ooo......
..# ##!.@o.## .#
..# #....o.># #.#
..# #.......##..#
#.# #.
#..........# #.#
..##.......## <.#
###. ##...#.##
........
...#####†#.###
########
............#####
##..###..##.....#


You could see an orc warrior, an ogre and 3 orcs.

Vanquished Creatures
  Sigmund (D:6)
  3 sky beasts (D:5)
  2 phantoms
  A howler monkey (D:5)
  A bullfrog zombie (D:5)
  A centaur zombie (D:5)
  A centaur skeleton (D:5)
  A hound (D:4)
  Crazy Yiuf (D:2)
  Ijyb (D:4)
  Natasha (thrice) (D:2)
  3 worker ants
  A hound skeleton (D:5)
  A worker ant zombie (D:5)
  A gnoll (D:1)
  4 adders
  2 shadow imps
  An adder skeleton (D:4)
  A dart slug (D:1)
  A leopard gecko (D:3)
  4 orcs
  5 giant cockroaches
  8 goblins
  5 hobgoblins
  8 jackals
  4 kobolds
  A quokka (D:5)
  2 ball pythons (D:3)
  4 bats
  6 frilled lizards
  8 rats
86 creatures vanquished.

Notes
Turn   | Place    | Note
-------+----------+-------------------------------------------
     0 | D:1      | Lerbatov the Gargoyle Berserker began the quest for the
                  | Orb.
     0 | D:1      | Reached XP level 1. HP: 14/14 MP: 1/1
    89 | D:1      | Reached XP level 2. HP: 15/19 MP: 2/2
   228 | D:1      | Reached XP level 3. HP: 15/24 MP: 3/3
   342 | D:1      | Reached ** piety under Trog
   976 | D:2      | Reached XP level 4. HP: 14/29 MP: 4/4
  1205 | D:2      | Noticed Natasha
  1216 | D:2      | Killed Natasha
  1216 | D:2      | Reached skill level 4 in Maces & Flails
  1337 | D:2      | Noticed Natasha
  1356 | D:2      | Killed Natasha
  1356 | D:2      | Reached XP level 5. HP: 18/33 MP: 5/5
  1519 | D:2      | Found a runed door.
  1523 | D:2      | Noticed Crazy Yiuf
  1527 | D:2      | Paralysed by Crazy Yiuf for 3 turns
  1536 | D:2      | Killed Crazy Yiuf
  1934 | D:2      | Noticed Natasha
  1941 | D:2      | Killed Natasha
  3005 | D:4      | Reached skill level 5 in Maces & Flails
  3014 | D:4      | Reached XP level 6. HP: 38/39 MP: 6/6
  3264 | D:4      | Noticed a phantom
  3356 | D:4      | Killed a phantom
  3908 | D:4      | Noticed Ijyb
  3930 | D:4      | Killed Ijyb
  3930 | D:4      | Reached skill level 5 in Fighting
  4053 | D:5      | Entered Level 5 of the Dungeon
  4110 | D:5      | Got a scorched ring mail
  4112 | D:5      | Identified the cursed +0 ring mail of Ditais {rElec MR-
                  | MP+9 Stlth+} (You found it on level 5 of the Dungeon)
  4157 | D:5      | Found a shattered altar of Ashenzari.
  4188 | D:5      | Reached XP level 7. HP: 31/44 MP: 7/7
  4225 | D:5      | Reached skill level 6 in Maces & Flails
  4244 | D:5      | Reached skill level 1 in Stealth
  4293 | D:5      | Reached *** piety under Trog
  4489 | D:5      | Reached XP level 8. HP: 39/51 MP: 8/8
  5029 | D:5      | Found a basalt altar of Yredelemnul.
  5032 | D:5      | Found a sacrificial altar of Ru.
  5035 | D:5      | Found a bloodstained altar of Trog.
  5036 | D:5      | Found a blossoming altar of Fedhas.
  5091 | D:5      | Got a pitted whip
  5122 | D:6      | Noticed Sigmund
  5137 | D:6      | Killed Sigmund
  5137 | D:6      | Reached skill level 7 in Maces & Flails
  5237 | D:6      | Mangled by an ogre

Skill      XL: |  1  2  3  4  5  6  7  8 |
---------------+-------------------------+-----
Fighting       | 4 5 6 |  6.2
Dodging        | 2 3 |  3.0
Maces & Flails | 4 5 6 7 |  7.3
Stealth        | 1 |  1.1
Armour         | 3 4 |  4.3

Action                   |  1- 3 |  4- 6 |  7- 9 || total
-------------------------+-------+-------+-------++-------
Melee: Mace              |   117 |   223 |   120 ||   460
       Unarmed           |       |     2 |       ||     2
       Flail             |       |       |    53 ||    53
Throw: Javelin           |       |     1 |     1 ||     2
Invok: Berserk           |       |       |     1 ||     1
  Use: Scroll            |       |     2 |       ||     2
       Potion            |       |       |     2 ||     2
  Eat: Ration            |       |     3 |     2 ||     5
Armor: Animal skin       |    62 |    11 |       ||    73
       Scale mail        |       |    73 |       ||    73
       Ring mail         |       |    11 |       ||    11
       Chain mail        |       |    11 |   172 ||   183
Dodge: Dodged            |   108 |    94 |   111 ||   313
